 Dungeon Crawl Stone Soup version 0.25-a0-435-g4b9beb1024 (webtiles) character file.

Game seed: 5668748348294009020, levelgen mode: deterministic

581 LairdRich the Chopper (level 7, 0/91 HPs)
             Began as a Minotaur Berserker on Jan 28, 2020.
             Was a Priest of Trog.
             Slain by Pikel
             ... wielding a +0 whip of freezing
              (6 damage)
             ... on level 4 of the Dungeon.
             The game lasted 00:10:30 (4525 turns).

LairdRich the Chopper (Minotaur Berserker)          Turns: 4525, Time: 00:10:31

Health: 0/91       AC:  3    Str: 28    XL:     7   Next: 14%
Magic:  6/6        EV: 13    Int:  4    God:    Trog [***...]
Gold:   94         SH:  4    Dex: 10    Spells: 6/6 levels left

rFire    + . .     SeeInvis .   d - +1 mace (holy)
rCold    + . .     Gourm    .   e - +0 buckler (curse)
rNeg     . . .     Faith    .   g - +0 leather armour (curse)
rPois    +         Spirit   .   (helmet restricted)
rElec    .         Reflect  .   v - scarf {rC+ rF+}
rCorr    .         Harm     .   (no gloves)
MR       .....                  (no boots)
Stlth    ..........             (no amulet)
HPRegen  0.25/turn              h - ring of poison resistance
MPRegen  0.10/turn              n - ring "Sounwuinn" {rPois Stlth+}

@: berserking, very quick
A: retaliatory headbutt, horns 2
a: Berserk, Trog's Hand, Renounce Religion


You were on level 4 of the Dungeon.
You worshipped Trog.
Trog was most pleased with you.
You were hungry.

You visited 1 branch of the dungeon, and saw 4 of its levels.

You collected 94 gold pieces.

Inventory:

Hand Weapons
 a - a +0 hand axe
 d - a +1 mace of holy wrath (weapon)
Armour
 b - a +0 animal skin
 e - a cursed +0 buckler (worn)
 g - a cursed +0 leather armour (worn)
 v - a scarf of resistance (worn)
Jewellery
 h - a ring of poison resistance (left hand)
 n - the ring "Sounwuinn" (right hand) {rPois Stlth+}
   (You found it on level 2 of the Dungeon)

   [ring of stealth]

   It protects you from poison.
   It makes you more stealthy.
Wands
 w - a wand of random effects (18)
Scrolls
 i - 2 scrolls of remove curse {unknown}
 j - 3 scrolls of identify {unknown}
 k - a scroll of fear {unknown}
 o - a scroll of magic mapping {unknown}
 p - a scroll of blinking {unknown}
 r - a scroll of noise {unknown}
 t - a scroll of fog {unknown}
 u - a scroll of amnesia {unknown}
 x - 2 scrolls of teleportation {unknown}
Potions
 f - 2 potions of degeneration {unknown}
 l - 2 potions of curing {unknown}
 m - a potion of brilliance {unknown}
 q - 2 potions of flight {unknown}
 s - a potion of heal wounds {unknown}
 z - 2 potions of agility {unknown}
Comestibles
 c - 7 rations
 A - 2 chunks of flesh


   Skills:
 + Level 5.2 Fighting
 * Level 6.4 Axes
 + Level 4.3 Armour
 + Level 4.0 Dodging
 + Level 3.3 Shields


You had 6 spell levels left.
You didn't know any spells.
Your spell library was empty.

Dungeon Overview and Level Annotations

Branches:
Dungeon (4/15)
 Temple: D:4-7

Altars:
Zin

Annotations:
D:4 Pikel


Innate Abilities, Weirdness & Mutations

You reflexively headbutt those who attack you in melee.
You have a pair of horns on your head.


Message History

That felt strangely unrewarding.
You barely miss Pikel.
Pikel is lightly wounded.
The slave barely misses you. The slave misses you. Pikel closely misses you.
The slave hits you.
* * * LOW HITPOINT WARNING * * *
You block the slave's attack.
Some of the chunks of flesh in your inventory have rotted away.
A red film seems to cover your vision as you go berserk!
You feel yourself moving faster!
You feel mighty!
You are feeling hungry.
Pikel closely misses you. You furiously retaliate!
You headbutt Pikel. The slave hits you.
* * * LOW HITPOINT WARNING * * *
The slave hits you.
* * * LOW HITPOINT WARNING * * *
You sock Pikel! Your headbutt misses Pikel.
Pikel is heavily wounded.
Pikel hits you with a +0 whip of freezing.
You die...

.....# .....## .##......
#........###### #########
#.............###.......#
....##.##..........#
....###...#.......##
........# #.....Kp##
##...... #.....@..#
.##.##..# #....p.######
## ###...##...........#
.# ####..#...........# ##
##.......#.........#
.###........#........##
..##..####....#....###
#.....##......##..##
#.....##...<.##...#


You could see Pikel and 2 slaves.

Vanquished Creatures
  2 slaves (D:4)
  An ogre (D:4)
  A scorpion (D:3)
  Crazy Yiuf (D:2)
  2 bullfrog skeletons (D:4)
  An orc wizard (D:4)
  A hound (D:4)
  3 worker ants
  4 gnolls
  7 adders
  A shadow imp (D:4)
  2 adder skeletons (D:4)
  An adder zombie (D:1)
  A worm (D:2)
  4 dart slugs
  4 leopard geckos
  8 orcs
  7 bats
  5 giant cockroaches
  15 goblins
  9 hobgoblins
  6 jackals
  6 kobolds
  2 quokkas (D:3)
  A ball python (D:3)
  A ball python zombie (D:1)
  6 frilled lizards
  A leopard gecko skeleton (D:4)
  A quokka skeleton (D:4)
  8 rats
112 creatures vanquished.

Notes
Turn   | Place    | Note
-------+----------+-------------------------------------------
     0 | D:1      | LairdRich the Minotaur Berserker began the quest for the
                  | Orb.
     0 | D:1      | Reached XP level 1. HP: 19/19 MP: 0/0
   240 | D:1      | Reached XP level 2. HP: 23/27 MP: 1/1
   320 | D:1      | Reached skill level 4 in Axes
   628 | D:1      | Reached XP level 3. HP: 23/33 MP: 2/2
  1087 | D:2      | Reached skill level 1 in Shields
  1167 | D:2      | Got a faintly glowing lapis lazuli ring
  1168 | D:2      | Identified the ring "Sounwuinn" {rPois Stlth+} (You found
                  | it on level 2 of the Dungeon)
  1309 | D:2      | Reached ** piety under Trog
  1594 | D:2      | Reached XP level 4. HP: 39/40 MP: 3/3
  1813 | D:2      | Found a runed translucent door.
  1814 | D:2      | Noticed Crazy Yiuf
  1989 | D:2      | Killed Crazy Yiuf
  2330 | D:3      | Reached skill level 5 in Axes
  2411 | D:3      | Found a glowing silver altar of Zin.
  2511 | D:3      | Reached XP level 5. HP: 45/46 MP: 4/4
  3371 | D:4      | Noticed an ogre
  3382 | D:4      | Killed an ogre
  3382 | D:4      | Reached *** piety under Trog
  3382 | D:4      | Reached XP level 6. HP: 11/55 MP: 5/5
  3751 | D:4      | Reached skill level 6 in Axes
  3756 | D:4      | Reached skill level 5 in Fighting
  4292 | D:4      | Reached XP level 7. HP: 52/61 MP: 6/6
  4489 | D:4      | Noticed Pikel
  4525 | D:4      | Slain by Pikel

Levels and vault maps discovered:
D:1:      saegor_arrival_fortress, layout_basic, serial_curves, eino_curves_02,
          eino_curves_01
D:2:      layout_loops_cross, minivault_5, uniq_crazy_yiuf_cottage
D:3:      layout_loops_cross, zin_academy, st_stairs_9
D:4:      kennysheep_the_goblin_king, layout_cave_pools, first_ration,
          kennysheep_dice, uniq_pikel

Skill      XL: |  1  2  3  4  5  6  7 |
---------------+----------------------+-----
Axes           | 4 5 6 |  6.4
Shields        | 1 2 3 |  3.3
Fighting       | 4 5 |  5.2
Armour         | 3 4 |  4.3
Dodging        | 3 4 |  4.0

Action                   |  1- 3 |  4- 6 |  7- 9 || total
-------------------------+-------+-------+-------++-------
Melee: Hand axe          |   101 |     9 |       ||   110
       Headbutt          |    16 |    23 |     5 ||    44
       Mace              |       |   153 |    24 ||   177
Invok: Trog's Hand       |       |     1 |       ||     1
       Berserk           |       |       |     1 ||     1
 Stab: Sleeping          |     3 |     4 |       ||     7
  Eat: Chunk             |     2 |     6 |     1 ||     9
       Ration            |       |     1 |       ||     1
Armor: Leather armour    |    25 |    25 |     8 ||    58
Dodge: Dodged            |    56 |   127 |    28 ||   211
Block: Buckler           |    10 |    40 |     6 ||    56

Table legend:
 A = Non-vault XP
 B = Vault XP
 C = Vault XP percentage of total XP
 D = Non-vault monster count
 E = Vault monster count
 F = Vault count percentage of total count
                 A         B        C        D         E       F
            +---------+---------+-------+---------+---------+-------
      Total |     751 |      80 |   9.6 |      98 |      12 |  10.9
            +---------+---------+-------+---------+---------+-------
        D:1 |      46 |       6 |  11.5 |      25 |       2 |   7.4
        D:2 |      77 |      45 |  36.9 |      16 |       1 |   5.9
        D:3 |     209 |      15 |   6.7 |      33 |       2 |   5.7
        D:4 |     419 |      14 |   3.2 |      24 |       7 |  22.6
            +---------+---------+-------+---------+---------+-------
